 Dungeon Crawl Stone Soup version 0.24.0-123-gd5b16e6ec5 (webtiles) character file.

Game seed: 5664694324648213001, levelgen mode: deterministic

143 Alfie the Shooter (level 5, -7/45 HPs)
             Began as a Minotaur Hunter on Feb 12, 2020.
             Mangled by Duvessa
             ... wielding a +5 rapier
              (10 damage)
             ... on level 4 of the Dungeon.
             The game lasted 00:08:07 (2366 turns).

Alfie the Shooter (Minotaur Hunter)                 Turns: 2366, Time: 00:08:07

Health: -7/45      AC:  5    Str: 18    XL:     5   Next: 4%
Magic:  4/4        EV: 12    Int:  8    God:
Gold:   112        SH:  0    Dex: 10    Spells: 4/4 levels left

rFire    . . .     SeeInvis .   a - +1 shortbow
rCold    . . .     Gourm    .   (shield currently unavailable)
rNeg     . . .     Faith    .   c - +2 leather armour
rPois    .         Spirit   .   (helmet restricted)
rElec    .         Reflect  .   (no cloak)
rCorr    .         Harm     .   (no gloves)
MR       .....                  (no boots)
Stlth    +.........             (no amulet)
HPRegen  0.15/turn              (no ring)
MPRegen  0.09/turn              (no ring)

@: about to teleport, flying
A: retaliatory headbutt, horns 2
a: no special abilities


You were on level 4 of the Dungeon.
You were not hungry.

You visited 1 branch of the dungeon, and saw 4 of its levels.

You collected 112 gold pieces.

Inventory:

Hand Weapons
 a - a +1 shortbow (weapon)
 b - a +1 short sword
Missiles
 d - 31 arrows (quivered)
 m - 14 poisoned darts
Armour
 c - a +2 leather armour (worn)
 l - a +0 cloak
Scrolls
 g - 3 scrolls of amnesia
 k - 2 scrolls of remove curse {unknown}
 n - a scroll of teleportation
 o - a scroll of immolation
Potions
 h - 2 potions of resistance
 i - 3 potions of heal wounds {unknown}
 j - 2 potions of curing {unknown}
 p - a potion of magic {unknown}
Comestibles
 f - 4 rations


   Skills:
 + Level 3.4 Fighting
 + Level 6.2 Bows
 + Level 1.1 Armour
 + Level 2.4 Dodging
 + Level 1.1 Stealth


You had 4 spell levels left.
You didn't know any spells.
Your spell library was empty.

Dungeon Overview and Level Annotations

Branches:
Dungeon (4/15)
 Temple: D:4-7

Altars:
Dithmenos
Elyvilon
Wu Jian

Annotations:
D:2 1 runed translucent door, Crazy Yiuf
D:3 1 runed translucent door
D:4 Dowan, Duvessa


Innate Abilities, Weirdness & Mutations

You reflexively headbutt those who attack you in melee.
You have a pair of horns on your head.


Message History

You shoot an arrow. The arrow hits Duvessa.
Duvessa is lightly wounded.
Duvessa hits you with a +5 rapier!
Firing (i - inventory. (/) - cycle)
d - 32 arrows (quivered)
Press: ? - help, Shift-Dir - straight line, f/p - Dowan
Aim: Dowan, wielding a +0 dagger and wearing a +0 robe (severely wounded)
You shoot an arrow.
The arrow hits Duvessa but does no damage.
Duvessa is lightly wounded.
Duvessa hits you with a +5 rapier! x2
* * * LOW HITPOINT WARNING * * *
It was a potion of flight.
You feel very buoyant.
You fly up into the air.
Duvessa hits you with a +5 rapier.
* * * LOW HITPOINT WARNING * * *
Dowan mumbles some strange words.
Dowan blinks!
As you read the scroll of teleportation, it crumbles to dust.
You feel strangely unstable. Duvessa hits you with a +5 rapier!
You die...

.... ...( . # ...).
######.# #. .....
....... #. ......
.....##. #.#
####...... ........
#..##.......# .....#
#...[.##..## <....#
####.##@# ....##
#....##e#
....######.#####Z#
....#......# (ยง.
....#.###### ..(
......#####........
.................(.
############..(.....


You could see Duvessa and an adder skeleton.

Vanquished Creatures
  5 adders
  3 gnolls (D:2)
  3 oozes
  4 dart slugs
  2 leopard geckos (D:2)
  4 bats
  5 goblins
  5 hobgoblins
  3 quokkas (D:2)
  2 ball pythons
  6 frilled lizards
  5 kobolds
  4 rats
51 creatures vanquished.

Notes
Turn   | Place    | Note
-------+----------+-------------------------------------------
     0 | D:1      | Alfie the Minotaur Hunter began the quest for the Orb.
     0 | D:1      | Reached XP level 1. HP: 18/18 MP: 0/0
    84 | D:1      | Reached XP level 2. HP: 19/25 MP: 1/1
   212 | D:1      | Reached skill level 5 in Bows
   485 | D:1      | Reached XP level 3. HP: 30/30 MP: 2/2
   915 | D:2      | Found a runed translucent door.
   916 | D:2      | Noticed Crazy Yiuf
  1144 | D:2      | Reached XP level 4. HP: 13/38 MP: 3/3
  1311 | D:2      | Reached skill level 6 in Bows
  1352 | D:2      | Found an ornate altar of the Wu Jian Council.
  1841 | D:3      | Found a white marble altar of Elyvilon.
  1918 | D:3      | Found a runed translucent door.
  1918 | D:3      | Noticed an angel
  1941 | D:3      | Reached skill level 1 in Stealth
  2118 | D:3      | Reached XP level 5. HP: 45/45 MP: 4/4
  2120 | D:3      | Found a shadowy altar of Dithmenos.
  2353 | D:4      | Reached skill level 1 in Armour
  2355 | D:4      | Noticed Dowan
  2356 | D:4      | Noticed Duvessa
  2366 | D:4      | Mangled by Duvessa

Levels and vault maps discovered:
D:1:      saegor_arrival_simple_e, layout_loops_ring, minmay_statues_item
D:2:      layout_loops_cross, lemuel_round_altar, uniq_crazy_yiuf_cottage
D:3:      layout_loops_corners, old_standard_altar, lemuel_angel_altar
D:4:      layout_rooms, first_ration, uniq_duvessa

Skill      XL: |  1  2  3  4  5 |
---------------+----------------+-----
Bows           | 5 6 |  6.2
Fighting       | 3 |  3.4
Stealth        | 1 |  1.1
Armour         | 1 |  1.1
Dodging        | |  2.4

Action                   |  1- 3 |  4- 6 || total
-------------------------+-------+-------++-------
Melee: Short sword       |    17 |     7 ||    24
       Headbutt          |     1 |     2 ||     3
 Fire: Shortbow          |    80 |    48 ||   128
  Use: Scroll            |       |    11 ||    11
       Potion            |       |     1 ||     1
 Stab: Sleeping          |       |     1 ||     1
  Eat: Ration            |       |     2 ||     2
Armor: Leather armour    |     7 |     4 ||    11
Dodge: Dodged            |    14 |     9 ||    23
